 Dungeon Crawl Stone Soup version 0.23-a0-607-g760965b (webtiles) character file.

192276 nikopol the Marksminotaur (level 17, -5/155 (156) HPs)
             Began as a Minotaur Berserker on Dec 20, 2018.
             Was the Champion of Trog.
             Slain by a redback (9 damage)
             ... on level 1 of the Spider Nest.
             The game lasted 01:29:22 (28820 turns).

nikopol the Marksminotaur (Minotaur Berserker)     Turns: 28820, Time: 01:29:22

HP:   -5/155 (156)  AC: 14    Str: 25    XL:     17   Next: 60%
MP:   16/16         EV: 16    Int:  4    God:    Trog [******]
Gold: 2201          SH:  0    Dex: 14    Spells: 16/16 levels left

rFire    + + +     SeeInvis .   a - +1 battleaxe (flame)
rCold    + . .     Gourm    .   (shield currently unavailable)
rNeg     + . .     Faith    .   E - +2 chain mail {rF+}
rPois    +         Spirit   .   A - -2 hat of the Alchemist {rElec rPois rF+ rC+ rN+ MR+ rMut rCorr}
rElec    +         Reflect  .   I - +0 cloak
rCorr    +         Harm     .   F - +0 pair of gloves
rMut     +                      S - +1 pair of boots
MR       ++...                  v - amulet of regeneration
Stlth    ..........             H - +3 ring of evasion
HPRegen  0.75/turn              r - ring of protection from fire
MPRegen  0.15/turn

@: lethally poisoned (-5 -> -19), corroded, berserk cooldown, slowed, very slow
A: retaliatory headbutt, horns 2, mutation resistance 1, screaming 1
}: 1/15 runes: decaying
a: Berserk, Trog's Hand, Brothers in Arms, Renounce Religion


You were on level 1 of the Spider Nest.
You worshipped Trog.
Trog was exalted by your worship.
You were not hungry.

You visited 5 branches of the dungeon, and saw 28 of its levels.
You also visited: Gauntlet and Volcano.

You collected 2661 gold pieces.
You spent 460 gold pieces at shops.

Inventory:

Hand Weapons
 a - a +1 battleaxe of flaming (weapon)
 z - a +6 longbow of flaming
 K - a +1 antimagic executioner's axe
 T - a +3 antimagic battleaxe
Missiles
 e - 498 arrows
Armour
 A - the -2 hat of the Alchemist (worn) {rElec rPois rF+ rC+ rN+ MR+ rMut rCorr}
   (You acquired it on level 13 of the Dungeon)

   It protects you from fire.
   It protects you from cold.
   It insulates you from electricity.
   It protects you from poison.
   It protects you from negative energy.
   It affects your resistance to hostile enchantments.
   It provides partial protection from all sources of acid and corrosion.
   It protects you from mutation.
 E - a +2 chain mail of fire resistance (worn)
 F - a +0 pair of gloves (worn)
 I - a +0 cloak (worn)
 S - a +1 pair of boots (worn)
Jewellery
 r - a ring of protection from fire (right hand)
 v - an amulet of regeneration (around neck)
 B - an uncursed ring of resist corrosion {unknown}
 C - an uncursed ring of flight
 H - a +3 ring of evasion (left hand)
 W - an uncursed ring of see invisible
Wands
 b - a wand of clouds (2)
 q - a wand of scattershot (16)
 t - a wand of iceblast (42)
 u - a wand of disintegration (44)
 x - a wand of enslavement (18)
 y - a wand of polymorph (16)
 L - a wand of digging (3)
 N - a wand of paralysis (29)
 R - a wand of flame (62)
 Z - a wand of acid (20)
Scrolls
 d - 20 scrolls of teleportation
 f - 7 scrolls of remove curse
 g - 2 scrolls of fear
 l - 9 scrolls of identify
 o - 3 scrolls of blinking
 p - 3 scrolls of magic mapping
 w - 2 scrolls of fog
 D - 2 scrolls of brand weapon
 M - 2 scrolls of summoning
 P - 4 scrolls of enchant armour
 V - a scroll of enchant weapon
Potions
 h - 12 potions of brilliance
 i - 2 potions of heal wounds
 j - 9 potions of might
 k - 3 potions of mutation
 m - 4 potions of cancellation
 n - 4 potions of curing
 s - 3 potions of ambrosia
 G - 5 potions of agility
 J - 7 potions of haste
 O - 2 potions of resistance
 Q - a potion of lignification
 U - 2 potions of flight
 X - a potion of invisibility
Comestibles
 c - 52 rations
 Y - a chunk of flesh


   Skills:
 + Level 15.4 Fighting
 * Level 20.2 Axes
   Level 1.0(13.7) Maces & Flails
 * Level 20.2 Bows
 + Level 12.9 Armour
 + Level 8.0 Dodging
 + Level 2.2 Stealth


You had 16 spell levels left.
You didn't know any spells.
Your spell library was empty.

Dungeon Overview and Level Annotations

Branches:
Dungeon (15/15)            Temple (0/1) D:5            Lair (6/6) D:8
  Swamp (4/4) Lair:3       Spider (1/4) Lair:4        Slime (0/5) Lair:6
    Orc (2/2) D:12            Elf (0/3) Orc:2        Vaults (0/5) D:14
 Depths (0/5) D:15

Altars:
Ashenzari
Fedhas
Gozag
Makhleb
Okawaru
Qazlal
Ru
Uskayaw
Yredelemnul
Zin
Beogh

Shops:
D:6 (   D:10 *   D:13 [   D:14 %   Orc:2 ?=:*?

Annotations:
D:7 2 transporters, PeterMcNeter's ghost, novice DESu
D:15 3 runed doors, Lanoc's ghost, journeyman GrAr


Innate Abilities, Weirdness & Mutations

You reflexively headbutt those who attack you in melee.
You have a pair of horns on your head.
You are somewhat resistant to further mutation.
You occasionally shout uncontrollably at your foes.


Message History

The entropy weaver hits you but does no damage. x3
The jumping spider leaps!
You slice the entropy weaver!! You burn the entropy weaver.
You headbutt the entropy weaver.
The entropy weaver is severely wounded.
You closely miss the redback.
* * * LOW HITPOINT WARNING * * *
You feel sick.
The redback bites you but does no damage.
The entropy weaver mumbles some strange words.
The entropic weave corrodes you! The redback bites you.
* * * LOW HITPOINT WARNING * * *
You hit the entropy weaver. You burn the entropy weaver.
You headbutt the entropy weaver!
The entropy weaver is almost dead.
You barely miss the redback.
* * * LOW HITPOINT WARNING * * *
You feel very sick. The redback bites you!
You die...

##..## #. ###..# ## ..
#...## .... #^.## ##
#.#. ##..## ##. #..§
###.>## ##.†
#...##.....# #.†.
..##..a#†.#..########.†#
#.....s@....##...#...†##
....##†###..#......†.##
. #(# #..##.....### #(.
..##>...#### .(.
..####......# #... ###
##.##..^.# ###
#...#..#..# #...#..#..#
#...#.## .#


You could see an entropy weaver and a redback.

Vanquished Creatures
  A bone dragon (Swamp:4)
  Agnes (D:14)
  Kirke (Swamp:2)
  2 thorn hunters
  An emperor scorpion (Spider:1)
  A stone giant (Volcano)
  Nessos (Orc:2)
  Azrael (D:14)
  A minotaur (Gauntlet)
  2 ettins
  A green death (Gauntlet)
  2 great orbs of eyes
  An ogre mage (D:15)
  The ghost of Duffy the Cleaver, a journeyman NaFi of Cheibriados (D:9)
  A vault guard (D:14)
  Harold (D:7)
  18 hydras
  3 catoblepae
  A ghost crab (Swamp:4)
  4 shambling mangroves
  A death knight (D:15)
  5 centaur warriors
  7 two-headed ogres
  A deep troll shaman (Lair:6)
  17 death yaks
  A tengu warrior (D:14)
  14 alligators
  8 orc high priests (Orc:2)
  5 spriggans
  4 skeletal warriors (D:14)
  An unseen horror (D:10)
  2 wizards
  2 spriggan druids (Swamp:4)
  A spectral hydra (Swamp:4)
  The ghost of Tovarisch the Gouger, a novice FeVM of Ru (Orc:2)
  2 phantasmal warriors (Swamp:4)
  A death drake (Swamp:4)
  5 swamp dragons
  A wolf spider zombie (D:14)
  A necromancer (D:15)
  2 manticores
  6 wolf spiders
  3 deep elf magi (D:15)
  Pikel (D:4)
  3 cyclopes
  5 orc knights
  13 ugly things
  An orc sorcerer (D:15)
  An orb spider (Spider:1)
  16 elephants
  Joseph (D:8)
  An apocalypse crab (Gauntlet)
  7 black mambas
  A torpor snail (Lair:4)
  A naga mage (D:15)
  18 spiny frogs
  6 gargoyles
  An orange demon (Gauntlet)
  7 centaur skeletons
  2 rime drakes
  A yaktaur (D:15)
  13 komodo dragons
  4 swamp worm zombies (Swamp:4)
  An efreet (Volcano)
  3 meliai (D:14)
  5 hydra zombies (Swamp:4)
  11 jumping spiders (Spider:1)
  2 trolls
  6 tyrant leeches
  2 polar bears (Lair:6)
  21 slime creatures
  14 blink frogs
  4 alligator zombies (Swamp:4)
  12 hornets
  13 bog bodies
  12 dream sheep (Lair:6)
  7 hippogriffs
  4 spectral swamp dragons (Swamp:4)
  21 redbacks (Spider:1)
  3 tarantellas (Spider:1)
  38 yaks
  A vampire (D:14)
  2 wraiths (D:13)
  A shadow (D:12)
  2 wyverns
  4 hogs (Swamp:2)
  22 vampire mosquitoes
  22 humans (D:14)
  7 fire elementals
  3 basilisks
  5 hungry ghosts
  10 swamp worms
  2 hell hounds (D:14)
  A soldier ant (D:11)
  8 wargs
  9 porcupines
  8 insubstantial wisps
  2 acid dragons
  14 water moccasins
  8 swamp drakes
  18 orc warriors
  4 sky beasts
  2 swamp dragon zombies (Swamp:4)
  7 phantoms
  18 wolves
  2 ice beasts
  20 ogres
  16 centaurs
  11 crocodiles
  4 big kobolds
  21 bullfrogs
  A wyvern zombie (D:14)
  2 earth elementals (Volcano)
  A wyvern skeleton (D:11)
  4 scorpions
  14 wights
  An electric eel (Lair:4)
  3 howler monkeys
  9 crimson imps
  4 centaur zombies
  A quasit (D:12)
  A wyvern simulacrum (D:15)
  A bullfrog zombie (D:12)
  A gnoll shaman (D:5)
  5 jellies
  4 bullfrog skeletons
  6 hounds
  36 orc priests
  21 orc wizards
  5 iguanas
  10 worker ants
  Natasha (thrice) (D:4)
  A hound skeleton (D:9)
  3 hound zombies
  9 gnolls
  14 adders
  3 swamp drake zombies (Swamp:4)
  4 shadow imps
  4 oozes (Lair:6)
  3 adder zombies
  3 worms
  2 dart slugs
  7 leopard geckos
  106 orcs
  2 ball pythons
  5 bats
  3 giant cockroaches
  7 goblins
  3 hobgoblins
  18 jackals
  8 quokkas
  5 frilled lizards
  A giant cockroach zombie (D:5)
  A jackal skeleton (D:6)
  37 kobolds
  A leopard gecko skeleton (D:7)
  A quokka skeleton (D:5)
  5 rats
  4 fungi
  8 plants
1073 creatures vanquished.

Vanquished Creatures (collateral kills)
  2 orc priests (Orc:2)
  2 orcs (Orc:2)
4 creatures vanquished.

Vanquished Creatures (others)
  An elephant (Lair:6)
  A human (Swamp:2)
  2 slaves (D:4)
  A leopard gecko (D:4)
  An orc (D:4)
  3 jackals (D:4)
  A leopard gecko skeleton (D:4)
  A bush (Lair:6)
  19 fungi
  12 plants
  6 toadstools (Swamp:3)
48 creatures vanquished.

Grand Total: 1125 creatures vanquished

Notes
Turn   | Place    | Note
-------+----------+-------------------------------------------
     0 | D:1      | nikopol the Minotaur Berserker began the quest for the Orb.
     0 | D:1      | Reached XP level 1. HP: 19/19 MP: 0/0
   174 | D:1      | Reached XP level 2. HP: 27/27 MP: 1/1
  1036 | D:2      | Reached XP level 3. HP: 29/33 MP: 2/2
  1136 | D:2      | Reached XP level 4. HP: 37/41 MP: 3/3
  1309 | D:2      | Reached ** piety under Trog
  1381 | D:2      | Reached skill level 5 in Axes
  1644 | D:3      | Reached XP level 5. HP: 44/47 MP: 4/4
  1991 | D:3      | Found a faded altar of an unknown god.
  2425 | D:4      | Noticed a slave
  2425 | D:4      | Noticed Pikel
  2428 | D:4      | Noticed a slave
  2429 | D:4      | Noticed a slave
  2447 | D:4      | Killed Pikel
  2447 | D:4      | Reached skill level 5 in Fighting
  2447 | D:4      | Reached XP level 6. HP: 54/56 MP: 5/5
  2447 | D:4      | Reached XP level 7. HP: 59/61 MP: 6/6
  2478 | D:4      | Reached skill level 5 in Armour
  2490 | D:4      | Reached skill level 1 in Stealth
  2692 | D:4      | Found a stormy altar of Qazlal.
  2870 | D:4      | Found a sand-covered staircase.
  3001 | D:4      | Noticed Natasha
  3003 | D:4      | Reached *** piety under Trog
  3007 | D:4      | Reached XP level 8. HP: 69/69 MP: 7/7
  3010 | D:4      | Killed Natasha
  3036 | D:4      | Noticed Natasha
  3044 | D:4      | Killed Natasha
  3079 | D:4      | Noticed Natasha
  3090 | D:4      | Killed Natasha
  3180 | D:5      | Entered Level 5 of the Dungeon
  3465 | D:5      | Found a burning altar of Makhleb.
  3630 | D:5      | Reached skill level 5 in Dodging
  3688 | D:5      | Reached **** piety under Trog
  4061 | D:5      | Found a sacrificial altar of Ru.
  4061 | D:5      | Found a shattered altar of Ashenzari.
  4061 | D:5      | Found a blossoming altar of Fedhas.
  4301 | D:5      | HP: 1/71 [poisoned by an orc wizard]
  4613 | D:5      | Found a staircase to the Ecumenical Temple.
  4808 | D:6      | Reached skill level 10 in Axes
  4808 | D:6      | Reached XP level 9. HP: 71/78 MP: 8/8
  4955 | D:6      | Reached skill level 1 in Bows
  5014 | D:6      | Found Plog's Antique Weapon Boutique.
  5030 | D:6      | Found a basalt altar of Yredelemnul.
  5050 | D:6      | Found an iron altar of Okawaru.
  5128 | D:6      | Found a shattered altar of Ashenzari.
  5347 | D:7      | Reached ***** piety under Trog
  5390 | D:7      | Noticed Harold
  5409 | D:7      | Killed Harold
  5409 | D:7      | Reached skill level 5 in Bows
  5766 | D:7      | Reached XP level 10. HP: 86/86 MP: 9/9
  5812 | D:7      | Found a transporter.
  5830 | D:7      | Noticed PeterMcNeter's ghost (novice DESu)
  5909 | D:7      | Found a transporter.
  6013 | D:7      | Received a gift from Trog
  6377 | D:8      | Noticed Joseph
  6388 | D:8      | Killed Joseph
  6443 | D:8      | Got a blackened flail
  6488 | D:8      | Found a staircase to the Lair.
  6614 | D:8      | Received a gift from Trog
  6723 | D:8      | Found an opulent altar of Gozag.
  6849 | D:8      | Noticed a two-headed ogre
  6857 | D:8      | Killed a two-headed ogre
  7138 | D:8      | Found a glowing silver altar of Zin.
  7318 | Lair:1   | Entered Level 1 of the Lair of Beasts
  7331 | Lair:1   | Noticed a spiny frog
  7340 | Lair:1   | Killed a spiny frog
  7393 | Lair:1   | Noticed a black mamba
  7401 | Lair:1   | Killed a black mamba
  7702 | Lair:1   | Noticed a five-headed hydra
  7703 | Lair:1   | Identified the +7 flail of Success {crush, SInv} (You found
                  | it on level 8 of the Dungeon)
  7710 | Lair:1   | Killed a five-headed hydra
  7710 | Lair:1   | Reached XP level 11. HP: 88/94 MP: 10/10
  8033 | Lair:1   | Received a gift from Trog
  8442 | Lair:2   | Reached skill level 10 in Bows
  8554 | Lair:2   | Received a gift from Trog
  8668 | Lair:2   | Noticed an eight-headed hydra
  8684 | Lair:2   | Killed an eight-headed hydra
  8852 | Lair:2   | Reached skill level 1 in Maces & Flails
  8965 | Lair:2   | Got an ichor-stained mace
  9502 | Lair:3   | Got a transparent hand axe
  9503 | Lair:3   | Identified the +3 mace of Invincibility {drain, Str+3
                  | Int+3} (You found it on level 2 of the Lair of Beasts)
  9504 | Lair:3   | Identified the +4 hand axe "Guhyg" {drain, rF+ rC+} (You
                  | found it on level 3 of the Lair of Beasts)
  9601 | Lair:3   | Reached XP level 12. HP: 104/104 MP: 11/11
  9947 | Lair:3   | Received a gift from Trog
 10004 | Lair:3   | Found a staircase to the Swamp.
 10448 | Lair:4   | Found a hole to the Spider Nest.
 10448 | Lair:4   | Noticed a four-headed hydra
 10529 | Lair:4   | Got a crude ring mail
 10560 | Lair:4   | Identified the +1 ring mail of Roelev {Regen+ Str+2 Slay-5}
                  | (You found it on level 4 of the Lair of Beasts)
 10835 | Lair:4   | Noticed an eight-headed hydra
 10843 | Lair:4   | Killed an eight-headed hydra
 10903 | Lair:4   | Killed a four-headed hydra
 10903 | Lair:4   | Reached skill level 10 in Fighting
 11400 | Lair:5   | Found a dark tunnel.
 11408 | Volcano  | Entered a volcano
 11441 | Volcano  | Noticed a stone giant
 11452 | Volcano  | Killed a stone giant
 11940 | Lair:5   | Reached skill level 15 in Axes
 11946 | Lair:5   | Reached XP level 13. HP: 85/113 MP: 12/12
 12459 | Lair:5   | Received a gift from Trog
 12929 | Lair:6   | Entered Level 6 of the Lair of Beasts
 12968 | Lair:6   | Reached skill level 10 in Armour
 13060 | Lair:6   | Found a staircase to the Slime Pits.
 13616 | Lair:6   | Reached skill level 15 in Bows
 13671 | Lair:6   | Reached XP level 14. HP: 124/124 MP: 13/13
 14303 | Lair:6   | Received a gift from Trog
 15024 | D:9      | Found a runed door.
 15025 | D:9      | Noticed Duffy's ghost (journeyman NaFi)
 15039 | D:9      | Killed Duffy's ghost
 15259 | D:10     | Entered Level 10 of the Dungeon
 15825 | D:10     | Found Tiku Roc's Lightly-Used Armoury.
 15946 | D:11     | Found a gate leading to a gauntlet.
 15959 | Gauntlet | Entered a Gauntlet
 15959 | Gauntlet | Found a transporter.
 15959 | Gauntlet | Found a transporter.
 15963 | Gauntlet | Found a transporter.
 15967 | Gauntlet | Found a transporter.
 15968 | Gauntlet | Found a transporter.
 15978 | Gauntlet | Found a transporter.
 15980 | Gauntlet | Found a transporter.
 15986 | Gauntlet | Found a transporter.
 15990 | Gauntlet | Found a transporter.
 15997 | Gauntlet | Found a transporter.
 15998 | Gauntlet | Found a transporter.
 16132 | Gauntlet | Found a transporter.
 17356 | D:12     | Received a gift from Trog
 18025 | D:12     | Found a roughly hewn altar of Beogh.
 18025 | D:12     | Found a staircase to the Orcish Mines.
 18349 | Orc:1    | Entered Level 1 of the Orcish Mines
 18449 | Orc:2    | Entered Level 2 of the Orcish Mines
 18478 | Orc:2    | Found a staircase to the Elven Halls.
 18531 | Orc:2    | Found a roughly hewn altar of Beogh.
 18566 | Orc:1    | Received a gift from Trog
 18705 | Orc:1    | Found a runed door.
 19037 | Orc:1    | Found a roughly hewn altar of Beogh.
 19378 | Orc:2    | Gained mutation: You occasionally shout uncontrollably at
                  | your foes. [a neqoxec]
 19382 | Orc:2    | Reached XP level 15. HP: 134/134 MP: 14/14
 19567 | Orc:2    | Received a gift from Trog
 19608 | Orc:2    | Found a roughly hewn altar of Beogh.
 19677 | Orc:2    | Reached ****** piety under Trog
 19777 | Orc:2    | Gained mutation: You are somewhat resistant to further
                  | mutation. [a neqoxec]
 19864 | Orc:2    | Found Opocuemae's Jewellery Shop.
 19864 | Orc:2    | Found Wuuge's Magic Scroll Emporium.
 19885 | Orc:2    | Bought a scroll of blinking for 97 gold pieces
 19885 | Orc:2    | Bought a scroll of teleportation for 39 gold pieces
 19954 | Orc:2    | Found a transporter.
 19955 | Orc:2    | Noticed Tovarisch's ghost (novice FeVM)
 19958 | Orc:2    | Found a transporter.
 20050 | Orc:2    | Noticed Nessos
 20058 | Orc:2    | Killed Nessos
 20067 | Orc:2    | Found Qairih's Book Shoppe.
 20160 | Orc:2    | Found Gukkoopp's Magic Scroll Shop.
 20160 | Orc:2    | Found Zerum's Assorted Antiques.
 20165 | Orc:2    | Bought a scroll of teleportation for 48 gold pieces
 20165 | Orc:2    | Bought a scroll of teleportation for 48 gold pieces
 20174 | Orc:2    | Bought an ancient chain mail for 228 gold pieces
 20288 | Orc:2    | Identified the cursed +1 chain mail "Dicziupo" {rElec rF+
                  | Str-4 Dex+2} (You bought it in a shop on level 2 of the
                  | Orcish Mines)
 20335 | Orc:2    | Killed Tovarisch's ghost
 20538 | D:13     | Found Puyps's Armour Emporium.
 20832 | D:13     | Identified a scroll of acquirement
 20833 | D:13     | Found the -2 hat of the Alchemist {rElec rPois rF+ rC+ rN+
                  | MR+ rMut rCorr}
 20965 | D:14     | Noticed Azrael
 20985 | D:14     | Received a gift from Trog
 20987 | D:14     | Killed Azrael
 21293 | D:14     | Found a gate to the Vaults.
 21401 | D:14     | Noticed Agnes
 21422 | D:14     | Killed Agnes
 21817 | D:14     | Received a gift from Trog
 21999 | D:14     | Found Naveraag's Food Emporium.
 22270 | D:14     | Received a gift from Trog
 22398 | D:15     | Entered Level 15 of the Dungeon
 22967 | D:15     | Reached XP level 16. HP: 144/145 MP: 15/15
 23046 | D:15     | Found a staircase to the Depths.
 23105 | D:15     | Noticed Lanoc's ghost (journeyman GrAr)
 23407 | D:15     | Found a runed gate.
 23407 | D:15     | Found a runed gate.
 23407 | D:15     | Found a runed gate.
 23527 | D:15     | Received a gift from Trog
 23880 | Swamp:1  | Entered Level 1 of the Swamp
 24735 | Swamp:2  | Noticed Kirke
 24748 | Swamp:2  | Killed Kirke
 24748 | Swamp:2  | Received a gift from Trog
 24908 | Swamp:2  | Found a hide-covered altar of Uskayaw.
 25489 | Swamp:3  | Noticed a thorn hunter
 25494 | Swamp:3  | Killed a thorn hunter
 26188 | Swamp:4  | Entered Level 4 of the Swamp
 26195 | Swamp:4  | Noticed a thorn hunter
 26216 | Swamp:4  | Killed a thorn hunter
 26216 | Swamp:4  | Reached XP level 17. HP: 94/154 MP: 16/16
 26393 | Swamp:4  | Received a gift from Trog
 27454 | Swamp:4  | Reached skill level 15 in Fighting
 27513 | Swamp:4  | Noticed a bone dragon
 27535 | Swamp:4  | Killed a bone dragon
 27541 | Swamp:4  | HP: 8/228 [ghost crab] (4)]
 27932 | Swamp:4  | Got a decaying rune of Zot
 28307 | Spider:1 | Entered Level 1 of the Spider Nest
 28356 | Spider:1 | Received a gift from Trog
 28819 | Spider:1 | HP: 6/155 [redback (6)]
 28820 | Spider:1 | Slain by a redback

Vault maps used:
D:1:      minmay_arrival_five_plusses
D:2:      minmay_inner_zag, first_ration
D:3:      chequers_ecumenical_altar_grove, minmay_vboxes
D:4:      lemuel_round_altar, chequers_ossuary_entry_cave, uniq_pikel,
          uniq_natasha
D:5:      kennysheep_kobold_camp, bloody_makhleb,
          chequers_temple_overflow_statue_of_worship,
          minmay_temple_entry_proselytizer
D:6:      kennysheep_mini_moat, lemuel_doored_altar, serial_shops,
          nicolae_shop_overgrown_old_shop, basic_altar
D:7:      gammafunk_ghost_stat_death, uniq_harold
D:8:      nicolae_overflow_crystal_walls, zin_treasury, lair_entry_dummy,
          blue_anna_alchemist, hangedman_decor_peaks_small, uniq_joseph
D:9:      gammafunk_ghost_grave
D:10:     minmay_shop_damaged
D:11:     gauntlet_entry_generic
D:12:     david_orc_5, minmay_diamond_spiral
D:13:     serial_shops, shop
D:14:     grunt_vaults_entry_tiered, serial_shops, nicolae_shop_waterfront,
          roderic_st_hans_cross, uniq_azrael, uniq_agnes
D:15:     grunt_enter_depths_magical_seal, maelrawn_ghost_gauntlet_escape
Lair:3:   minmay_swamp_entry_reptiles, minmay_stone_trees_small,
          beast_lair_carwin_3, serial_bayou_shore_b, grunt_megastairs_3
Lair:4:   dummy_spider_entry, serial_bayou_shore_a
Lair:5:   enter_volcano_1, st_stairs_6
Lair:6:   grunt_lair_end_beastmaster, nicolae_slime_entry_slimehenge
Swamp:1:  evilmike_swamp_ruin_wall, swamp_pool2
Swamp:2:  lemuel_altar_in_water, swamp_pool1, uniq_kirke
Swamp:3:  cheibrodos_swamp_tower_of_moss, infiniplex_staircase_pool, swamp_pool5
Swamp:4:  swamp_pestilence, swamp_pool3
Spider:1: special_room
Orc:1:    lightli_church_of_beogh
Orc:2:    st_orc_town, serial_shops, shop, basic_altar, gammafunk_ghost_arena,
          uniq_nessos
Volcano:  volcano_pools
Gauntlet: gammafunk_gauntlet_shortcut

Skill      XL: |  1  2  3  4  5  6  7  8  9 10 11 12 13 14 15 16 17 |
---------------+----------------------------------------------------+-----
Fighting       | 4 5 6 7 9 10 11 12 13 14 15 | 15.4
Axes           | 4 5 7 8 10 11 12 14 15 16 18 19 20 | 20.2
Armour         | 3 4 5 7 8 9 10 11 12 | 12.9
Dodging        | 3 4 5 6 7 8 |  8.0
Stealth        | 1 2 |  2.2
Bows           | 5 8 11 13 15 16 18 19 20 | 20.2
Maces & Flails | 1 |  1.0

Action                   |  1- 3 |  4- 6 |  7- 9 | 10-12 | 13-15 | 16-18 || total
-------------------------+-------+-------+-------+-------+-------+-------++-------
Melee: Hand axe          |    50 |    80 |   398 |       |       |       ||   528
       Headbutt          |     8 |    14 |    91 |    84 |   168 |    80 ||   445
       War axe           |       |       |    16 |   363 |   441 |       ||   820
       Flail             |       |       |       |    13 |     4 |       ||    17
       Battleaxe         |       |       |       |       |   199 |   268 ||   467
 Fire: Shortbow          |       |       |    66 |   222 |       |       ||   288
       Longbow           |       |       |       |    72 |   713 |   543 ||  1328
Invok: Berserk           |       |     1 |     4 |     5 |    13 |     3 ||    26
       Brothers in Arms  |       |       |       |       |     1 |       ||     1
  Use: Scroll            |       |     1 |     7 |     8 |    21 |     5 ||    42
       Potion            |       |       |     1 |       |     2 |     1 ||     4
  Eat: Chunk             |       |     4 |    16 |    23 |    45 |    14 ||   102
       Ration            |       |       |       |       |     1 |     2 ||     3
Armor: Animal skin       |     3 |       |       |       |       |       ||     3
       Scale mail        |    13 |    32 |   132 |   120 |       |       ||   297
       Chain mail        |       |       |       |     6 |   281 |   201 ||   488
Dodge: Dodged            |    32 |    44 |   204 |   239 |   461 |   265 ||  1245

Table legend:
 A = Non-vault XP
 B = Vault XP
 C = Vault XP percentage of total XP
 D = Non-vault monster count
 E = Vault monster count
 F = Vault count percentage of total count
                 A         B        C        D         E       F
            +---------+---------+-------+---------+---------+-------
      Total |  185364 |   75326 |  28.9 |     780 |     285 |  26.8
            +---------+---------+-------+---------+---------+-------
        D:1 |      22 |       0 |   0.0 |      11 |       0 |   0.0
        D:2 |      99 |      35 |  26.1 |      21 |       6 |  22.2
        D:3 |     102 |      16 |  13.6 |      22 |       8 |  26.7
        D:4 |     728 |     606 |  45.4 |      21 |       2 |   8.7
        D:5 |     959 |     168 |  14.9 |      37 |      22 |  37.3
        D:6 |     835 |       0 |   0.0 |      18 |       0 |   0.0
        D:7 |    1574 |     992 |  38.7 |      35 |       1 |   2.8
        D:8 |    1313 |     561 |  29.9 |      17 |       2 |  10.5
        D:9 |    1448 |    1007 |  41.0 |      22 |       1 |   4.3
       D:10 |    2467 |       0 |   0.0 |      21 |       0 |   0.0
       D:11 |    3406 |       0 |   0.0 |      22 |       0 |   0.0
       D:12 |    4100 |    3449 |  45.7 |      33 |      27 |  45.0
       D:13 |    4983 |       0 |   0.0 |      16 |       0 |   0.0
       D:14 |   16565 |   11073 |  40.1 |      43 |      34 |  44.2
       D:15 |   17373 |    4205 |  19.5 |      45 |       9 |  16.7
     Lair:1 |    5491 |       0 |   0.0 |      23 |       0 |   0.0
     Lair:2 |    5686 |       0 |   0.0 |      27 |       0 |   0.0
     Lair:3 |    4295 |    4197 |  49.4 |      16 |      15 |  48.4
     Lair:4 |    5809 |       0 |   0.0 |      19 |       0 |   0.0
     Lair:5 |   13350 |     350 |   2.6 |      35 |       1 |   2.8
     Lair:6 |   14309 |   11024 |  43.5 |      43 |      25 |  36.8
    Swamp:1 |   14860 |       0 |   0.0 |      34 |       0 |   0.0
    Swamp:2 |   14450 |    2858 |  16.5 |      37 |       5 |  11.9
    Swamp:3 |    9532 |    2427 |  20.3 |      22 |       4 |  15.4
    Swamp:4 |   21067 |   14651 |  41.0 |      41 |      40 |  49.4
   Spider:1 |   13367 |       0 |   0.0 |      42 |       0 |   0.0
      Orc:1 |    4447 |    1120 |  20.1 |      36 |      13 |  26.5
      Orc:2 |    2727 |   10556 |  79.5 |      21 |      59 |  73.8
    Volcano |       0 |    2794 | 100.0 |       0 |       7 | 100.0
   Gauntlet |       0 |    3237 | 100.0 |       0 |       4 | 100.0
            +---------+---------+-------+---------+---------+-------
